 Dungeon Crawl Stone Soup version 0.32-a0-996-gb3226c233f (webtiles) character file.

Game seed: 547419033200193238

352 Cancer the Sneak (level 6, -8/38 HPs)
             Began as an Octopode Shapeshifter on Apr 23, 2024.
             Was an Initiate of Wu Jian.
             Mangled by an ogre
             ... wielding a +0 giant spiked club
              (19 damage)
             ... on level 4 of the Dungeon.
             The game lasted 00:11:01 (3597 turns).

Cancer the Sneak (Octopode Shapeshifter)            Turns: 3597, Time: 00:11:02

Health: -8/38      AC:  1    Str: 15    XL:     6   Next: 62%
Magic:  0/6        EV: 12    Int: 12    God:    Wu Jian [......]
Gold:   256        SH:  0    Dex: 12    Spells: 5/5 levels left

rFire   . .          .
                       - Unarmed
rCold   . . .        (no shield)
rNeg    . . .        (helmet currently unavailable)
rPois   .            q - amulet of guardian spirit
rElec   .            (no ring)
rCorr   .            (no ring)
SInv    .            (no ring)
Will    .....        (no ring)
Stlth   ++++         (no ring)
HPRegen 0.26/turn    (no ring)
MPRegen 0.10/turn    (no ring)
                     (no ring)

%: guardian spirit
@: beast-form
A: beast (slay +3), almost no armour, amphibious, 8 rings, camouflage 1,
gelatinous body 1, (nimble swimmer 1), tentacles
a: Begin Untransformation, Renounce Religion


You were on level 4 of the Dungeon.
You worshipped Wu Jian.
Wu Jian was noncommittal.
You were a hulking beast.
You visited 2 branches of the dungeon, and saw 6 of its levels.

You collected 256 gold pieces.

Inventory:

Magical Staves
 d - a staff of alchemy
Jewellery
 n - a ring of fire
 q - an amulet of guardian spirit (around mantle)
Talismans
 b - a beast talisman (active)
 c - a flux talisman
Wands
 p - a wand of charming (9)
Scrolls
 e - 2 scrolls of blinking {unknown}
 j - 2 scrolls of poison {unknown}
 m - 2 scrolls of acquirement {unknown}
 o - 2 scrolls of teleportation {unknown}
Potions
 a - 2 potions of lignification
 f - 2 potions of curing {unknown}
 g - a potion of berserk rage {unknown}
 h - a potion of heal wounds {unknown}
 i - 2 potions of brilliance {unknown}
 k - a potion of invisibility {unknown}
 l - a potion of ambrosia {unknown}


   Skills:
 - Level 1.0 Fighting
 - Level 2.0 Dodging
 - Level 6.0 Stealth
 - Level 3.0 Unarmed Combat
 + Level 5.4 Shapeshifting


You had 5 spell levels left.
You didn't know any spells.
Your spell library was empty.

Dungeon Overview and Level Annotations

Branches:
Dungeon (5/15)             Temple (1/1) D:5

Altars:
Ashenzari
Cheibriados
Dithmenos
Elyvilon
Fedhas
Gozag
Hepliaklqana
Kikubaaqudgha
Makhleb
Nemelex Xobeh
Okawaru
Qazlal
Ru
Sif Muna
Trog
Vehumet
Wu Jian
Xom
Yredelemnul
Zin
The Shining One

Shops:
D:4 *

Annotations:
D:4 python,slug, Dowan


Innate Abilities, Weirdness & Mutations

You are a hulking beast.
Your limbs bulge with bestial killing power. (Slay +3)
You cannot wear most types of armour.
You are amphibious.
You can wear up to eight rings at the same time.
Your skin changes colour to match your surroundings (Stealth+).
Your rubbery body absorbs attacks. (AC +1, EV +1)
((You are camouflaged when in or above water. (Stealth+)))
You have tentacles for arms and can constrict up to eight enemies at once.


Message History

You constrict Duvessa. Duvessa barely misses you.
You tentacle-slap Duvessa.
You kill Duvessa!
The Council accepts your kill.
You hear a distant wail of despair.
Training target 6.0 for Stealth reached!
Your Stealth skill increases to level 6!
Your Shapeshifting skill increases to level 5!
You now have 256 gold pieces (gained 26).
Things that are here:
a +0 short sword; a +0 ring mail; the elf corpse of Duvessa
There is a stone staircase leading up, spattered with blood here.
You climb upwards.
There is a stone staircase leading down here.
You start resting.
Magic restored.
You start resting.
HP restored.
You climb downwards.
Level annotation: python,slug, Dowan
There is a stone staircase leading up, spattered with blood here.
You see here a +0 chain mail.
An ogre is nearby!
No target in view!
No target in view!
An ogre comes into view. It is wielding a +0 giant spiked club.
Found a ring mail.
A kobold comes into view.
It is wielding a +2 dagger of protection.
You lunge at the ogre.
You tentacle-slap the ogre. You squeeze the ogre!
The ogre is heavily wounded.
The ogre hits you with a +0 giant spiked club!!
Ouch! That really hurt!
* * * LOW HITPOINT WARNING * * *
You tentacle-slap the ogre.
The ogre is heavily wounded.
You tentacle-slap the ogre. You squeeze the ogre.
The ogre is severely wounded.
The ogre hits you with a +0 giant spiked club!!
Ouch! That really hurt!
You die...

.#.# #.
###.####...........#
.... ..
#......#...........#
......#
#.#.##.#############
.. #.#.##.# .. #
#....# #K###..#
#.[....# #####.##
#h# #O# ... .#.##
#.### #


You could see an ogre.

Vanquished Creatures
  Duvessa (D:4)
  A phantom (D:4)
  Natasha (thrice) (D:3)
  An orc wizard (D:4)
  An adder (D:4)
  4 dart slugs
  2 ribbon worms (D:2)
  9 orcs
  4 endoplasms
  2 giant cockroaches (D:1)
  7 goblins
  4 hobgoblins
  2 jackals (D:2)
  5 ball pythons
  A bat (D:3)
  2 frilled lizards
  4 kobolds
  A rat (D:1)
54 creatures vanquished.

Notes
Turn   | Place    | Note
-------+----------+-------------------------------------------
     0 | D:1      | Cancer the Octopode Shapeshifter began the quest for the
                  | Orb.
     0 | D:1      | Reached XP level 1. HP: 13/13 MP: 1/1
    69 | D:1      | Reached skill level 1 in Stealth
    74 | D:1      | Reached XP level 2. HP: 4/18 MP: 2/2
   268 | D:1      | Reached skill level 2 in Stealth
   829 | D:2      | Found a shimmering altar of Xom.
   842 | D:2      | Reached XP level 3. HP: 8/23 MP: 3/3
  1151 | D:2      | Reached skill level 3 in Stealth
  1439 | D:3      | Identified the +0 helmet "Nuethac" {+Inv rF- Str-5 Dex+8}
  1653 | D:3      | Noticed Natasha
  1763 | D:3      | Killed Natasha
  1764 | D:3      | Reached XP level 4. HP: 28/28 MP: 4/4
  1828 | D:3      | Noticed Natasha
  1841 | D:3      | Killed Natasha
  1842 | D:3      | Reached skill level 4 in Stealth
  1919 | D:3      | Noticed Natasha
  1931 | D:3      | Killed Natasha
  1932 | D:3      | Reached XP level 5. HP: 17/33 MP: 5/5
  1996 | D:4      | Noticed an ogre
  1996 | D:4      | Found Doiton's Assorted Antiques.
  2055 | D:4      | Noticed a phantom
  2066 | D:4      | Killed a phantom
  2067 | D:4      | Reached skill level 5 in Stealth
  2443 | D:4      | Reached XP level 6. HP: 32/38 MP: 6/6
  2563 | D:4      | Noticed Duvessa
  2578 | D:4      | Noticed Dowan
  3247 | D:5      | Entered Level 5 of the Dungeon
  3289 | D:5      | Found a staircase to the Ecumenical Temple.
  3297 | Temple   | Entered the Ecumenical Temple
  3303 | Temple   | Became a worshipper of the Wu Jian Council
  3353 | D:5      | Found an iron altar of Okawaru.
  3353 | D:5      | Found a snail-covered altar of Cheibriados.
  3359 | D:5      | Noticed an orc warrior
  3483 | D:4      | Killed Duvessa
  3484 | D:4      | Reached skill level 6 in Stealth
  3484 | D:4      | Reached skill level 5 in Shapeshifting
  3597 | D:4      | Mangled by an ogre

Illustrated notes

Levels and vault maps discovered:
D:1:      saegor_arrival_simple_d, layout_basic
D:2:      layout_basic, basic_altar
D:3:      layout_rooms, corner_web_ring, uniq_natasha
D:4:      layout_loops_cross, nicolae_zen_rock_garden, nicolae_stop_n_shop_2,
          kennysheep_small_spiral, uniq_duvessa
D:5:      layout_gridville, jmf_multi_god_temple, temple_fountains,
          uniq_crazy_yiuf_cottage, uniq_sigmund
Temple:   nicolae_temple_bog_church

Skill      XL: |  1  2  3  4  5  6 |
---------------+-------------------+-----
Stealth        | 1 2 3 4 5 6 |  6.0
Shapeshifting  | 4 5 |  5.4
Fighting       | |  1.0
Dodging        | |  2.0
Unarmed Combat | |  3.0

Action                     |  1- 3 |  4- 6 || total
---------------------------+-------+-------++-------
  Melee: Unarmed           |    53 |    55 ||   108
         Constrict         |    14 |    14 ||    28
         Tentacles         |    13 |    14 ||    27
         Punch             |     1 |     3 ||     4
Ability: Lunge             |       |     1 ||     1
   Stab: Sleeping          |    10 |     4 ||    14
 Armour: Skin              |    22 |    28 ||    50
  Dodge: Dodged            |    22 |    18 ||    40

Table legend: (Time is in decaauts)
 A = Elapsed time spent in this place.
 B = Non-inter-level travel time spent in this place.
 C = Inter-level travel time spent in this place.
 D = Time resting spent in this place.
 E = Time spent auto-exploring this place.
 F = Levels seen in this place.
 G = Mean time per level.
                   A        B        C        D        E       F      G
               +--------+--------+--------+--------+--------+-----+--------+
         Total |   3600 |   3133 |    467 |    377 |   1706 |   6 |  600.0 |
       Dungeon |   3587 |   3125 |    462 |    377 |   1706 |   5 |  717.4 |
        Temple |     12 |      7 |      5 |      0 |      0 |   1 |   12.0 |
               +--------+--------+--------+--------+--------+-----+--------+

Top non-repeatable levels by time:
     D:4: 1139 daAuts
     D:3: 878 daAuts
     D:1: 818 daAuts
     D:2: 624 daAuts
     D:5: 126 daAuts
  Temple: 12 daAuts
